 Dungeon Crawl Stone Soup version 0.26.0-10-g1f06aea511 (webtiles) character file.

Game seed: 14236953694591952024

1733 Dracia the Basher (level 8, -3/68 HPs)
             Began as a Deep Dwarf Fighter on Jan 25, 2021.
             Was an Initiate of Makhleb.
             Slain by an ogre
             ... wielding a +0 giant club
              (27 damage)
             ... on level 5 of the Dungeon.
             The game lasted 00:09:40 (4092 turns).

Dracia the Basher (Deep Dwarf Fighter)              Turns: 4092, Time: 00:09:40

Health: -3/68      AC:  7    Str: 22    XL:     8   Next: 76%
Magic:  4/4        EV:  7    Int:  9    God:    Makhleb [......]
Gold:   41         SH: 10    Dex: 12    Spells: 7/7 levels left

rFire    . . .     SeeInvis .   a - +0 flail
rCold    . . .     Faith    .   c - +1 kite shield
rNeg     . . .     Spirit   .   b - +0 scale mail
rPois    .         Reflect  .   (no helmet)
rElec    .         Harm     .   (no cloak)
rCorr    .         Rampage  .   (no gloves)
Will     ++...                  (no boots)
Stlth    ..........             (no amulet)
HPRegen  0.00/turn              k - ring of willpower
MPRegen  0.09/turn              L - ring of flight

@: non-regenerating
A: damage resistance, heal wounds, sense surroundings 1, no regeneration
a: Heal Wounds, Renounce Religion, Evoke Flight


You were on level 5 of the Dungeon.
You worshipped Makhleb.
Makhleb was noncommittal.
You visited 2 branches of the dungeon, and saw 6 of its levels.

You collected 176 gold pieces.
You spent 135 gold pieces at shops.


Innate Abilities, Weirdness & Mutations

You are resistant to damage.
You can heal yourself by infusing magical energy.
You passively map a small area around you.
You do not regenerate.


   Skills:
 - Level 2.6 Fighting
 * Level 9.4 Maces & Flails
 - Level 7.1 Armour
 - Level 3.2 Shields
 + Level 3.7 Invocations


You had 7 spell levels left.
You didn't know any spells.
Your spell library was empty.

Inventory:

Hand Weapons
 a - a +0 flail (weapon)
 d - a +2 vampiric scythe
Missiles
 q - 11 poisoned darts
Armour
 b - a +0 scale mail (worn)
 c - a +1 kite shield (worn)
 r - a +0 helmet
Jewellery
 k - a ring of willpower (left hand)
 L - a ring of flight (right hand)
Wands
 j - a wand of digging (6)
Scrolls
 e - 6 scrolls of teleportation {@r4@r4}
 f - 2 scrolls of identify {@r1@r1}
 g - 2 scrolls of amnesia
 o - a scroll of enchant armour
 s - a scroll of remove curse {@r2@r2}
Potions
 h - 2 potions of resistance
 i - 7 potions of curing {@q1@q1}
 l - 2 potions of lignification
 m - a potion of flight {unknown}
 n - 2 potions of invisibility
 p - 2 potions of attraction

Dungeon Overview and Level Annotations

Branches:
Dungeon (5/15)             Temple (1/1) D:4

Altars:
Cheibriados
Dithmenos
Elyvilon
Gozag
Hepliaklqana
Kikubaaqudgha
Makhleb
Nemelex Xobeh
Okawaru
Qazlal
Ru
Trog
Uskayaw
Vehumet
Wu Jian
Yredelemnul
The Shining One

Shops:
D:4

((!*?
...........#
#.#
...........#
#.#
...........#
#.#
...........#
#.#
...........+
,*#.# *
....<......#
#.#
######+#####*
#.# * *, #.#,
* *, #@# *
,*#O#, * *#.#
*, #.# , #.#,
* ,... * *
#.# ** ,...,
, * *


You could see an ogre.


Message History

You sock Prince Ribbit!
Prince Ribbit is severely wounded.
Prince Ribbit casts a spell.
Prince Ribbit looks slightly unstable.
You sock Prince Ribbit!
You kill Prince Ribbit!
Makhleb accepts your kill.
Your Invocations skill increases to level 3!
You barely miss the ogre. The ogre hits you with a +0 giant club!
* * * LOW HITPOINT WARNING * * *
You are too injured to fight recklessly!
You are too injured to fight recklessly!
Unknown command.
You hit the ogre but do no damage. You sock the ogre!
The ogre is heavily wounded.
You block the ogre's attack.
You hit the ogre.
The ogre is heavily wounded.
You block the ogre's attack.
You hit the ogre.
The ogre is severely wounded.
The ogre hits you with a +0 giant club!
* * * LOW HITPOINT WARNING * * *
You hit the ogre.
The ogre is severely wounded.
You hit the ogre.
The ogre is almost dead.
The ogre hits you with a +0 giant club!!
You die...

Skill      XL: |  1  2  3  4  5  6  7  8 |
---------------+-------------------------+-----
Maces & Flails | 3 4 5 6 8 9 |  9.4
Armour         | 4 5 6 7 |  7.1
Invocations    | 3 |  3.7
Fighting       | |  2.6
Shields        | |  3.2

Action                   |  1- 3 |  4- 6 |  7- 9 || total
-------------------------+-------+-------+-------++-------
Melee: Flail             |   110 |   254 |   341 ||   705
 Abil: Heal Wounds       |     1 |     5 |    12 ||    18
  Use: Scroll            |     3 |     4 |     3 ||    10
       Potion            |     1 |     1 |       ||     2
Armor: Scale mail        |    58 |   117 |   133 ||   308
Dodge: Dodged            |    44 |    88 |   107 ||   239
Block: Kite shield       |    61 |   118 |   187 ||   366

Levels and vault maps discovered:
D:1:      amcnicky_arrival_underground_garden, layout_loops_corners
D:2:      layout_basic, overflow_temple_1_default, grunt_ministairs_5,
          st_stairs_1, dk_noncrumbling_3, uniq_sigmund
D:3:      wad_crossroads, layout_basic, uniq_ijyb
D:4:      layout_basic, minmay_temple_entry_mist, serial_shops,
          nicolae_shop_stone, shop, nicolae_shop_behind_doors, shop_statue,
          nicolae_shop_stone, nrook_mini_vaults,
          hangedman_abyss_or_decor_passed, uniq_menkaure
D:5:      layout_basic, general_overflow_altar, uniq_prince_ribbit1,
          uniq_eustachio
Temple:   lightli_temple_of_artemis

Notes
Turn   | Place    | Note
-------+----------+-------------------------------------------
     0 | D:1      | Dracia the Deep Dwarf Fighter began the quest for the Orb.
     0 | D:1      | Reached XP level 1. HP: 20/20 MP: 1/1
   181 | D:1      | Reached XP level 2. HP: 27/27 MP: 1/1
   412 | D:1      | Reached skill level 3 in Maces & Flails
   647 | D:1      | Reached XP level 3. HP: 22/33 MP: 2/2
   815 | D:2      | Noticed Sigmund
   823 | D:2      | Killed Sigmund
   824 | D:2      | Reached skill level 4 in Maces & Flails
   824 | D:2      | Reached skill level 4 in Armour
   824 | D:2      | Reached XP level 4. HP: 21/40 MP: 3/3
   824 | D:2      | Reached XP level 5. HP: 25/46 MP: 4/4
   950 | D:2      | Reached skill level 5 in Maces & Flails
   950 | D:2      | Reached skill level 5 in Armour
  1097 | D:2      | Found a basalt altar of Yredelemnul.
  1339 | D:2      | Reached XP level 6. HP: 43/55 MP: 5/5
  1521 | D:3      | Noticed Ijyb
  1574 | D:3      | Killed Ijyb
  1711 | D:3      | Reached skill level 6 in Maces & Flails
  2388 | D:3      | Reached XP level 7. HP: 57/61 MP: 6/6
  2637 | D:4      | Found Jax Gaoh's Distillery.
  2674 | D:4      | Found a staircase to the Ecumenical Temple.
  2682 | D:4      | Reached skill level 6 in Armour
  2699 | D:4      | Bought a potion of invisibility for 80 gold pieces
  2699 | D:4      | Bought a potion of attraction for 30 gold pieces
  2770 | D:4      | Reached skill level 7 in Maces & Flails
  2834 | D:4      | Found Suunt's Magic Scroll Shop.
  2858 | D:4      | Bought a scroll of random uselessness for 13 gold pieces
  2940 | D:4      | Found Etopeotu's General Store.
  2994 | D:4      | Bought a potion of degeneration for 12 gold pieces
  3129 | D:4      | Noticed Menkaure
  3139 | D:4      | Killed Menkaure
  3140 | D:4      | Reached skill level 8 in Maces & Flails
  3140 | D:4      | Reached XP level 8. HP: 17/68 MP: 4/4
  3157 | D:4      | Reached skill level 7 in Armour
  3189 | Temple   | Entered the Ecumenical Temple
  3201 | Temple   | Became a worshipper of Makhleb the Destroyer
  3391 | D:4      | Found Inigokep's Weapon Boutique.
  3478 | D:4      | Found Goda's Weapon Shop.
  3760 | D:5      | Entered Level 5 of the Dungeon
  3913 | D:5      | Noticed Eustachio
  3927 | D:5      | Killed Eustachio
  3928 | D:5      | Reached skill level 2 in Invocations
  3986 | D:5      | Noticed Prince Ribbit
  4022 | D:5      | Reached skill level 9 in Maces & Flails
  4083 | D:5      | Killed Prince Ribbit
  4084 | D:5      | Reached skill level 3 in Invocations
  4092 | D:5      | Slain by an ogre

Vanquished Creatures
  Prince Ribbit (D:5)
  Sigmund (D:2)
  Eustachio (D:5)
  Menkaure (D:4)
  2 ice beasts
  A phantom (D:4)
  A bullfrog (D:4)
  A scorpion (D:2)
  3 hounds
  2 orc priests (D:3)
  A bullfrog skeleton (D:5)
  6 orc wizards
  A centaur skeleton (D:4)
  Ijyb (D:3)
  4 worker ants (D:4)
  A hound skeleton (D:4)
  4 gnolls (D:3)
  9 adders
  An adder skeleton (D:4)
  3 worms
  3 dart slugs
  2 leopard geckos
  21 orcs
  A ball python (D:4)
  8 bats
  4 giant cockroaches
  5 goblins
  10 hobgoblins
  6 quokkas
  6 frilled lizards
  7 kobolds
  9 rats
127 creatures vanquished.

Table legend: (Time is in decaauts)
 A = Elapsed time spent in this place.
 B = Non-inter-level travel time spent in this place.
 C = Inter-level travel time spent in this place.
 D = Time resting spent in this place.
 E = Time spent auto-exploring this place.
 F = Levels seen in this place.
 G = Mean time per level.
                   A        B        C        D        E       F      G
               +--------+--------+--------+--------+--------+-----+--------+
         Total |   4224 |   4103 |    121 |    311 |   2513 |   6 |  704.0 |
       Dungeon |   4115 |   4002 |    113 |    311 |   2423 |   5 |  823.0 |
        Temple |    108 |    100 |      8 |      0 |     90 |   1 |  108.0 |
               +--------+--------+--------+--------+--------+-----+--------+

Top non-repeatable levels by time:
     D:3: 1223 daAuts
     D:4: 1055 daAuts
     D:1: 804 daAuts
     D:2: 696 daAuts
     D:5: 334 daAuts
  Temple: 108 daAuts

Table legend:
 A = Non-vault XP
 B = Vault XP
 C = Vault XP percentage of total XP
 D = Non-vault monster count
 E = Vault monster count
 F = Vault count percentage of total count
                 A         B        C        D         E       F
            +---------+---------+-------+---------+---------+-------
      Total |    1549 |     927 |  37.4 |     113 |      14 |  11.0
            +---------+---------+-------+---------+---------+-------
        D:1 |      43 |       0 |   0.0 |      25 |       0 |   0.0
        D:2 |     115 |     239 |  67.5 |      15 |       6 |  28.6
        D:3 |     345 |      56 |  14.0 |      39 |       5 |  11.4
        D:4 |     805 |     165 |  17.0 |      26 |       1 |   3.7
        D:5 |     241 |     467 |  66.0 |       8 |       2 |  20.0
            +---------+---------+-------+---------+---------+-------
